 Seeded DCSS version 0.31-a0-355-g57cb03d3e8 (webtiles) character file.

Game seed: 12484992809975146672 (custom seed)

6296 coffeetime the Destroyer (level 10, -13/88 HPs)
             Began as a Yellow Draconian Conjurer on July 24, 2023.
             Was an Initiate of Gozag.
             Killed from afar by an efreet (30 damage)
             ... with a fireball
             ... on level 9 of the Dungeon.
             The game lasted 00:38:51 (10260 turns).

coffeetime the Destroyer (DrCj)                    Turns: 10260, Time: 00:38:55

Health: -13/88     AC: 13    Str: 16    XL:     10   Next: 63%
Magic:  7/16       EV: 14    Int: 23    God:    Gozag
Gold:   1844       SH:  2    Dex:  9    Spells: 3/17 levels left

rFire   . . .        u - +2 whip (venom)
rCold   + . .        (no shield)
rNeg    . . .        (body armour unavailable)
rPois   .            (helmet restricted)
rElec   .            m - +0 cloak
rCorr   +            C - +0 pair of gloves
SInv    .            d - +1 pair of boots {Stlth+}
Will    .....        (no amulet)
Stlth   ++++         h - ring of the Octopus King {rC+ HP+2 AC+2 EV+2 SH+2}
HPRegen 0.34/turn    o - +6 ring of strength
MPRegen 0.15/turn

%: no passive effects
@: short of breath
A: spit acid, AC +7, unfitting armour, cold-blooded, acid resistance
a: Breathe Acid, Renounce Religion, Potion Petition, Call Merchant, Bribe Branch


You were on level 9 of the Dungeon.
You worshipped Gozag.
Gozag was most pleased with you.
You visited 2 branches of the dungeon, and saw 10 of its levels.

You collected 1875 gold pieces.
You paid 31 gold pieces to Gozag.

Inventory:

Hand Weapons
 c - a +2 heavy mace
 u - a +2 whip of venom (weapon)
 A - a +2 heavy orcbow
Missiles
 b - 79 stones
 j - 4 javelins
 B - a throwing net
 F - a curare-tipped dart
Armour
 d - a +1 pair of boots of stealth (worn)
 k - an orb of energy
 m - a +0 cloak (worn)
 C - a +0 pair of gloves (worn)
Magical Staves
 q - a staff of fire
 I - a staff of air
Jewellery
 h - a ring of the Octopus King (left hand) {rC+ HP+2 AC+2 EV+2 SH+2}
   (You found it on level 2 of the Dungeon)

   [ring of protection from cold]

   AC:        It affects your AC (+2).
   EV:        It affects your evasion (+2).
   rC:        It protects you from cold.
   HP:        It affects your health (+2).
   SH:        It affects your SH (+2).
 n - a ring of ice
 o - a +6 ring of strength (right hand)
Wands
 y - a wand of acid (6)
 z - a wand of flame (4)
 L - a wand of polymorph (7)
 M - a wand of roots (10)
 N - a wand of mindburst (13)
Scrolls
 e - 3 scrolls of immolation
 f - 3 scrolls of teleportation
 g - 2 scrolls of fog
 i - 2 scrolls of revelation
 l - a scroll of amnesia
 p - a scroll of vulnerability
 s - 2 scrolls of noise
 w - a scroll of enchant armour {unknown}
 J - a scroll of blinking {unknown}
 K - 4 scrolls of brand weapon
Potions
 a - a potion of magic
 r - a potion of brilliance
 t - 3 potions of berserk rage
 v - a potion of enlightenment
 x - a potion of mutation {unknown}
 D - a potion of degeneration {unknown}
 E - a potion of lignification {unknown}
 G - 2 potions of attraction {unknown}
 H - a potion of heal wounds {unknown}


   Skills:
 + Level 7.2 Fighting
 + Level 2.1 Dodging
 - Level 5.2 Stealth
 - Level 4.3 Spellcasting
 - Level 10.0 Conjurations
 - Level 6.2 Hexes
 - Level 5.2 Translocations
 - Level 3.3 Fire Magic


You had 3 spell levels left.
You knew the following spells:

 Your Spells              Type           Power      Damage    Failure   Level
a - Magic Dart            Conj           100%       1d8       1%          1
b - Searing Ray           Conj           100%       2d8       1%          2
c - Inner Flame           Hex/Fire       27%        N/A       4%          3
d - Fulminant Prism       Conj/Hex       21%        3d12      3%          4
e - Iskenderun's Mystic   Conj/Tloc      40%        2d9       4%          4

Your spell library contained the following spells:

 Spells                   Type           Power      Damage    Failure   Level
 Apportation              Tloc           58%        N/A       1%          1
 Static Discharge         Conj/Air       56%        2-5/arc   1%          2
 Dazzling Flash           Conj/Hex       84%        N/A       1%          3
 Hailstorm                Conj/Ice       28%        3d8       3%          3
 Freeze                   Ice            20%        1d4       10%         1
 Necrotise                Necr           20%        1d5       10%         1
 Summon Small Mammal      Summ           20%        N/A       10%         1
 Cigotuvi's Dreadful Rot  Necr/Pois/Air  10%        N/A       16%         2
 Wereblood                Tmut           5%         N/A       16%         2
 Ignite Poison            Fire/Tmut/Pois 10%        N/A       19%         3
 Frozen Ramparts          Ice            10%        1d2       30%         3
 Irradiate                Conj/Tmut      14%        3d16      34%         5
 Freezing Cloud           Conj/Ice/Air   10%        6-21      56%         5
 Yara's Violent Unravell  Hex/Tmut       9%         3d6       61%         5
 Airstrike                Air            2%         2d(1-17)  69%         4
 Summon Lightning Spire   Summ/Air       5%         N/A       69%         4
 Enfeeble                 Hex            16%        N/A       100%        7


Dungeon Overview and Level Annotations

Branches:
Dungeon (9/15)             Temple (1/1) D:5
   Lair: D:8-11         Orc: D:9-12

Altars:
Ashenzari
Cheibriados
Dithmenos
Fedhas
Gozag
Hepliaklqana
Kikubaaqudgha
Nemelex Xobeh
Okawaru
Qazlal
Ru
Sif Muna
Trog
Uskayaw
Vehumet
Wu Jian
Xom
Yredelemnul
The Shining One

Annotations:
D:3 3 runed translucent doors, Loveship's ghost, weakling DrSh
D:8 Psyche


Innate Abilities, Weirdness & Mutations

You can spit globs of acid.
Your golden yellow scales are hard. (AC +7)
You cannot fit into any form of body armour.
You are cold-blooded and may be slowed by cold attacks.
You are resistant to acid. (rCorr)


Message History

The fireball explodes!
The fireball engulfs you!
Press: ? - help, Shift-Dir - straight line, f - efreet
Aim: an efreet, wielding a +4 scimitar of flaming (88% to hit)
You spit a glob of acid.
The glob of acid hits the efreet!
The efreet is heavily wounded.
The efreet gestures at you. The bolt of fire hits you!!
Unknown command.
Casting: Searing Ray (safe; 1% risk of failure)
Confirm with . or Enter, or press ? or * to list all spells.
Aiming: Searing Ray (safe; 1% risk of failure)
Press: ? - help, Shift-Dir - straight line, f/p - efreet
Aim: an efreet, wielding a +4 scimitar of flaming (heavily wounded, 94% to hit)
The searing ray hits the efreet but does no damage.
The efreet is heavily wounded. (Press . to maintain the ray.) Unknown command.
Casting: Searing Ray (safe; 1% risk of failure)
Confirm with . or Enter, or press ? or * to list all spells.
Restarting spell: Searing Ray (safe; 1% risk of failure)
Press: ? - help, Shift-Dir - straight line, f/p - efreet
Aim: an efreet, wielding a +4 scimitar of flaming (heavily wounded, 94% to hit)
The searing ray hits the efreet.
The efreet is heavily wounded. (Press . to maintain the ray.)
The searing ray hits the efreet but does no damage.
The efreet is heavily wounded.
The efreet barely misses you.
The searing ray hits the efreet.
The efreet is severely wounded.
The efreet gestures at you. The bolt of fire hits you!!
* * * LOW HITPOINT WARNING * * *
The searing ray hits the efreet but does no damage.
The efreet is severely wounded.
You finish channelling your searing ray.
The efreet gestures at you.
The fireball explodes!
The fireball engulfs you!!
You die...
Your body crumbles into a pile of gold.

..# ..##. .... ##..#
##..###.. $ . #.......
....####.○.###
#......R...###
#..#####@##..... ##.#
....# #########..#..# #
##............#
#####..######.$##########
.................$.../.YY.
#####.......##############
###...### #####


You could see an efreet.

Vanquished Creatures
  A deep elf pyromancer (D:7)
  2 cyclopes (D:7)
  An unseen horror (D:7)
  A troll (D:7)
  A slime creature (D:7)
  A wraith (D:7)
  4 yaks (D:9)
  5 steam dragons
  3 water moccasins
  2 black bears
  3 ice beasts
  A sky beast (D:7)
  An orc warrior (D:8)
  An ogre (D:5)
  3 centaurs
  A phantom (D:5)
  A kobold brigand (D:7)
  A gnoll sergeant (D:6)
  4 bullfrogs
  A scorpion (D:4)
  4 howler monkeys
  A vampire bat (D:6)
  6 hounds
  4 jellies
  4 sleepcaps
  Jessica (D:2)
  10 iguanas
  7 orc wizards
  Ijyb (D:5)
  Robin (D:5)
  3 gnolls (D:6)
  6 adders
  A shadow imp (D:6)
  4 white imps
  4 ufetubi
  A worm (D:2)
  23 orcs
  8 ball pythons
  7 endoplasms
  3 giant cockroaches
  9 goblins
  5 hobgoblins
  3 quokkas
  11 bats
  A frilled lizard (D:2)
  8 kobolds
  8 rats
182 creatures vanquished.

Vanquished Creatures (others)
  4 fulminant prisms
4 creatures vanquished.

Grand Total: 186 creatures vanquished

Notes
Turn   | Place    | Note
-------+----------+-------------------------------------------
     0 | D:1      | coffeetime the Draconian Conjurer began the quest for the
                  | Orb.
     0 | D:1      | Reached XP level 1. HP: 14/14 MP: 3/3
   669 | D:2      | Reached XP level 2. HP: 22/22 MP: 3/5
   721 | D:2      | Reached skill level 1 in Fighting
   983 | D:2      | Reached XP level 3. HP: 28/28 MP: 4/6
  1023 | D:2      | Found an opulent altar of Gozag.
  1094 | D:2      | Became a worshipper of Gozag Ym Sagoz the Greedy
  1150 | D:2      | Learned a level 2 spell: Searing Ray
  1325 | D:2      | Noticed Jessica
  1334 | D:2      | Killed Jessica
  1335 | D:2      | Reached XP level 4. HP: 27/36 MP: 2/7
  1444 | D:2      | Found the ring of the Octopus King
  1450 | D:2      | Identified a ring of the Octopus King {rC+ HP+2 AC+2 EV+2
                  | SH+2}
  1609 | D:2      | Found a faded altar of an unknown god.
  2197 | D:3      | Found a runed translucent gate.
  2197 | D:3      | Found a runed translucent gate.
  2197 | D:3      | Found a runed translucent gate.
  2204 | D:3      | Identified the +0 chain mail "Miroz" {rF- Will+ Stlth+}
  2206 | D:3      | Noticed Loveship's ghost (weakling DrSh)
  2438 | D:4      | Noticed a scorpion
  2442 | D:4      | Killed a scorpion
  2443 | D:4      | Reached XP level 5. HP: 36/44 MP: 2/8
  2782 | D:4      | Reached skill level 5 in Conjurations
  2842 | D:4      | Found a hazy altar of Hepliaklqana.
  3125 | D:4      | Learned a level 3 spell: Inner Flame
  3135 | D:4      | Found a snail-covered altar of Cheibriados.
  3645 | D:5      | Entered Level 5 of the Dungeon
  3653 | D:5      | Reached XP level 6. HP: 49/51 MP: 6/9
  3782 | D:5      | Reached skill level 1 in Fire Magic
  4034 | D:5      | Found a staircase to the Ecumenical Temple.
  4044 | Temple   | Entered the Ecumenical Temple
  4209 | D:5      | Found an ornate altar of the Wu Jian Council.
  4219 | D:5      | Your scales start taking on a golden yellow colour.
  4219 | D:5      | Reached XP level 7. HP: 52/60 MP: 10/10
  4219 | D:5      | Gained mutation: You are resistant to acid. (rCorr) [Yellow
                  | Draconian growth]
  4323 | D:5      | Noticed Ijyb
  4375 | D:5      | Noticed Robin
  4392 | D:5      | Killed Robin
  4496 | D:5      | Killed Ijyb
  4664 | D:5      | Reached skill level 5 in Fighting
  4664 | D:5      | Reached skill level 5 in Stealth
  5656 | D:6      | Reached skill level 1 in Hexes
  5751 | D:6      | Reached XP level 8. HP: 57/70 MP: 3/12
  6355 | D:6      | Learned a level 4 spell: Fulminant Prism
  6360 | D:6      | Learned a level 4 spell: Iskenderun's Mystic Blast
  7381 | D:7      | Reached XP level 9. HP: 75/79 MP: 11/15
  7402 | D:7      | Found an iron altar of Okawaru.
  7624 | D:7      | Noticed a cyclops
  7643 | D:7      | Reached skill level 5 in Hexes
  7646 | D:7      | Killed a cyclops
  7666 | D:7      | Noticed a deep elf pyromancer
  7856 | D:7      | Killed a deep elf pyromancer
  7857 | D:7      | Reached skill level 7 in Conjurations
  7861 | D:7      | Noticed a troll
  7869 | D:7      | Killed a troll
  7898 | D:7      | Noticed a cyclops
  7916 | D:7      | Reached skill level 8 in Conjurations
  8278 | D:7      | Killed an unseen horror
  8279 | D:7      | Reached XP level 10. HP: 43/86 MP: 0/16
  8477 | D:7      | Reached skill level 9 in Conjurations
  8614 | D:7      | Killed a cyclops
  9138 | D:8      | Reached skill level 10 in Conjurations
  9166 | D:8      | Reached skill level 1 in Translocations
  9683 | D:8      | Found a bloodstained altar of Trog.
  9793 | D:8      | Found an opulent altar of Gozag.
  9984 | D:9      | Noticed Psyche
 10173 | D:9      | Reached skill level 5 in Translocations
 10260 | D:9      | Killed from afar by an efreet

Illustrated notes

Levels and vault maps discovered:
D:1:      dpeg_arrival_prison, layout_basic, chequers_decorated_corner
D:2:      minmay_recursive_quarters, layout_basic,
          ebering_ecumenical_altar_sacrificial, basic_altar, uniq_jessica
D:3:      layout_rooms, biasface_ghost_orc_armoury
D:4:      layout_loops_ring, cheibriados_altar_1, lemuel_tele_altar,
          minmay_liquid_box
D:5:      layout_gridville, mainiacjoe_overflow_paths,
          minmay_temple_entry_glass, nicolae_goblin_pals
D:6:      cheibrodos_steamvent, layout_basic, grunt_decor_one_mirror,
          roderic_batcave
D:7:      minmay_the_grid_four_pointed_star
          [minmay_the_grid_triangle_9x9_swiss_cheese,
          minmay_the_grid_triangle_9x9_semitri,
          minmay_the_grid_triangle_9x9_flanged_cone,
          minmay_the_grid_triangle_9x9_windchime,
          minmay_the_grid_prize_inner_circle], layout_rooms,
          lemuel_crystal_altar
D:8:      layout_cave_pools, trog_butcher_becter, lemuel_doored_altar,
          st_stairs_13, kennysheep_cluttered_room
D:9:      minmay_bloctagon_deflated, layout_rooms,
          grunt_temple_overflow_order_and_chaos_2, david_lair_shrubbed,
          serial_shops, nicolae_shop_peninsula,
          hangedman_abyss_or_decor_jellyfish_corner, uniq_psyche, uniq_erica
Temple:   cyrus_circular_temple

Skill      XL: |  1  2  3  4  5  6  7  8  9 10 |
---------------+-------------------------------+-----
Stealth        | 2 3 4 5 |  5.2
Fighting       | 1 2 3 4 5 7 |  7.2
Conjurations   | 5 8 10 | 10.0
Fire Magic     | 2 3 |  3.3
Hexes          | 1 4 6 |  6.2
Spellcasting   | 4 |  4.3
Translocations | 5 |  5.2
Dodging        | 2 |  2.1

Action                     |  1- 3 |  4- 6 |  7- 9 | 10-12 || total
---------------------------+-------+-------+-------+-------++-------
  Melee: Unarmed           |    15 |       |       |       ||    15
         Tailslap          |     3 |     3 |    20 |    16 ||    42
         Mace              |    16 |    28 |       |       ||    44
         Punch             |     1 |       |     1 |     1 ||     3
         Whip              |       |    11 |   121 |    69 ||   201
   Cast: Magic Dart        |    50 |    96 |    90 |    32 ||   268
         Searing Ray       |       |     7 |    40 |    14 ||    61
         Fulminant Prism   |       |       |     1 |     3 ||     4
         Inner Flame       |       |       |       |     2 ||     2
         Iskenderun's Myst |       |       |       |     1 ||     1
Ability: Breathe Acid      |       |       |    18 |     9 ||    27
  Evoke: Wand              |       |       |     2 |     1 ||     3
    Use: Scroll            |       |     9 |     3 |     1 ||    13
         Potion            |       |       |     1 |       ||     1
   Stab: Sleeping          |       |     1 |     2 |     1 ||     4
 Armour: Skin              |    15 |    39 |   111 |    49 ||   214
  Dodge: Dodged            |    44 |    37 |   153 |    75 ||   309
  Block: Other             |       |       |     6 |     3 ||     9

Table legend: (Time is in decaauts)
 A = Elapsed time spent in this place.
 B = Non-inter-level travel time spent in this place.
 C = Inter-level travel time spent in this place.
 D = Time resting spent in this place.
 E = Time spent auto-exploring this place.
 F = Levels seen in this place.
 G = Mean time per level.
                   A        B        C        D        E       F      G
               +--------+--------+--------+--------+--------+-----+--------+
         Total |  10311 |  10037 |    274 |   1651 |   6263 |  10 | 1031.1 |
       Dungeon |  10289 |  10023 |    266 |   1651 |   6263 |   9 | 1143.2 |
        Temple |     21 |     13 |      8 |      0 |      0 |   1 |   21.0 |
               +--------+--------+--------+--------+--------+-----+--------+

Top non-repeatable levels by time:
     D:6: 1830 daAuts
     D:7: 1779 daAuts
     D:5: 1741 daAuts
     D:4: 1225 daAuts
     D:2: 1160 daAuts
     D:8: 1106 daAuts
     D:1: 667 daAuts
     D:3: 626 daAuts
     D:9: 152 daAuts
  Temple: 21 daAuts
